 Dungeon Crawl Stone Soup version 0.23.0 (webtiles) character file.

Game seed: 14262712709881014515

24920 Hylith the Severer (level 12, 0/115 HPs)
             Began as a Minotaur Fighter on Feb 8, 2019.
             Was the Champion of Okawaru.
             Slain by a skeletal warrior
             ... wielding a +0 battleaxe
             ... led by a skeletal warrior
              (22 damage)
             ... on level 13 of the Dungeon.
             The game lasted 00:39:42 (12129 turns).

Hylith the Severer (Minotaur Fighter)              Turns: 12129, Time: 00:39:43

Health: 0/115      AC: 16    Str: 28    XL:     12   Next: 84%
Magic:  10/15      EV:  6    Int:  5    God:    Okawaru [******]
Gold:   609        SH: 16    Dex: 11    Spells: 11/11 levels left

rFire    . . .     SeeInvis +   G - +4 war axe
rCold    . . .     Gourm    .   c - +0 shield
rNeg     . . .     Faith    .   r - +0 plate armour (curse)
rPois    .         Spirit   .   (helmet restricted)
rElec    .         Reflect  +   (no cloak)
rCorr    .         Harm     .   E - +3 pair of gauntlets of War {Slay+5}
MR       .....                  m - +0 pair of boots
Stlth    ..........             A - +4 amulet of reflection
HPRegen  0.29/turn              j - ring of see invisible
MPRegen  0.14/turn              D - +3 ring of strength

@: finesse, corroded
A: retaliatory headbutt, horns 2
a: Heroism, Finesse, Renounce Religion


You were on level 13 of the Dungeon.
You worshipped Okawaru.
Okawaru was exalted by your worship.
You were not hungry.

You visited 2 branches of the dungeon, and saw 14 of its levels.

You collected 679 gold pieces.
You spent 70 gold pieces at shops.

Inventory:

Hand Weapons
 y - a +2 lajatang of electrocution
 G - a +4 war axe (weapon)
 O - a +0 broad axe
Armour
 c - a +0 shield (worn)
 m - a +0 pair of boots (worn)
 r - a cursed +0 plate armour (worn)
 E - the +3 pair of gauntlets of War (worn) {Slay+5}
   (You found it on level 7 of the Dungeon)

   It affects your accuracy and damage with ranged weapons and melee attacks
   (+5).
Jewellery
 j - a ring of see invisible (left hand)
 n - an uncursed ring of fire
 A - a +4 amulet of reflection (around neck)
 D - a +3 ring of strength (right hand)
Wands
 a - a wand of polymorph (13)
 e - a wand of digging (9)
 I - a wand of enslavement (27)
 L - a wand of flame (40)
Scrolls
 l - 9 scrolls of remove curse
 q - 6 scrolls of enchant weapon
 s - 3 scrolls of magic mapping
 w - 2 scrolls of noise {unknown}
 x - 5 scrolls of amnesia
 z - 4 scrolls of immolation
 B - 2 scrolls of fear
 C - 2 scrolls of teleportation
 F - 2 scrolls of vulnerability {unknown}
 H - 2 scrolls of blinking
 J - a scroll of brand weapon {unknown}
 K - a scroll of fog {unknown}
Potions
 b - 3 potions of mutation
 d - 2 potions of might
 g - a potion of agility
 h - 2 potions of curing {unknown}
 i - 4 potions of heal wounds
 k - 4 potions of flight
 o - 2 potions of cancellation {unknown}
 p - 6 potions of degeneration
 t - a potion of brilliance {unknown}
 u - a potion of berserk rage {unknown}
 v - 3 potions of invisibility
 M - a potion of resistance {unknown}
Comestibles
 f - 28 rations


   Skills:
 * Level 13.1 Fighting
 - Level 16.1 Axes
 + Level 10.0 Armour
 + Level 9.6 Shields
 * Level 5.9 Invocations
 - Level 3.0 Evocations


You had 11 spell levels left.
You didn't know any spells.
Your spell library contained the following spells:

 Spells                   Type           Power        Failure   Level  Hunger
 Infusion                 Chrm           #...         100%        1    ##.....
 Shroud of Golubria       Chrm/Tloc      #.........   100%        2    ###....
 Song of Slaying          Chrm           #.......     100%        2    ###....
 Regeneration             Chrm/Necr      #.........   100%        3    ####...
 Spectral Weapon          Hex/Chrm       #.......     100%        3    ####...
 Haunt                    Necr/Summ      #.........   100%        7    #######
 Borgnjor's Revivificati  Necr           #.........   100%        8    #######
 Death's Door             Chrm/Necr      #.........   100%        8    #######
 Infestation              Necr           #.........   100%        8    #######
 Necromutation            Tmut/Necr      #.........   100%        8    #######


Dungeon Overview and Level Annotations

Branches:
Dungeon (13/15)            Temple (1/1) D:4            Lair (0/6) D:9
    Orc (0/2) D:10
 Vaults: D:13-14

Altars:
Ashenzari
Cheibriados
Dithmenos
Elyvilon
Fedhas
Gozag
Hepliaklqana
Kikubaaqudgha
Makhleb
Nemelex Xobeh
Okawaru
Qazlal
Ru
Sif Muna
Trog
Uskayaw
Vehumet
Wu Jian
Xom
Yredelemnul
Zin
The Shining One

Shops:
D:10 (}   D:11 !*%}*


Innate Abilities, Weirdness & Mutations

You reflexively headbutt those who attack you in melee.
You have a pair of horns on your head.


Message History

The skeletal warrior is lightly damaged.
You hit the skeletal warrior.
You hit the skeletal warrior but do no damage.
The skeletal warrior hits you with a cursed -3 short sword!
* * * LOW HITPOINT WARNING * * *
You barely miss the skeletal warrior.
You headbutt the skeletal warrior, but do no damage.
The skeletal warrior is lightly damaged.
You slash the skeletal warrior!
You hit the skeletal warrior but do no damage.
You hit the skeletal warrior but do no damage.
Your headbutt misses the skeletal warrior.
The skeletal warrior is lightly damaged.
You barely miss the skeletal warrior. You slash the skeletal warrior!
You block the skeletal warrior's attack.
You hit the skeletal warrior.
The skeletal warrior is lightly damaged.
You closely miss the skeletal warrior. You slash the skeletal warrior!
The skeletal warrior hits you with a +0 battleaxe!!
You die...

.....####....# ....... ........
...............#.###### ...#####
...##......##..#....#.##. .......
#cZ... ..............^......#####
.... ................().##.##≈P
... ......................#P.≈
#....(......>..zzz(...........≈≈)
................@♣♣♣♣♣. ###..≈(≈
...............♣≈≈≈≈≈≈. ##.....
#....#........♣≈≈≈≈≈P≈. ♣......
##....##.....)P≈≈≈≈≈≈≈≈.≈≈≈♣.....
.......#.......♣♣≈≈≈≈≈≈.≈≈≈♣♣...#
...........(....♣≈≈≈≈≈≈.≈≈≈ ♣♣<.#
#...............♣≈≈≈≈≈≈.≈≈≈ ♣♣#.
.....###...(...)♣♣♣♣P≈≈.≈≈≈≈ ♣>.
.....###.........≈♣ P≈≈.≈≈≈≈≈♣♣♣.


You could see 3 skeletal warriors.

Vanquished Creatures
  Snorg (D:10)
  2 two-headed ogres
  2 centaur warriors (D:13)
  A satyr (D:11)
  A tengu warrior (D:13)
  A skeletal warrior (D:13)
  3 unseen horrors
  2 cyclopes
  Joseph (D:10)
  2 gargoyles
  2 trolls
  2 hippogriffs
  11 slime creatures
  3 shadows
  2 wraiths (D:11)
  16 yaks
  2 water elementals (D:13)
  4 hogs (D:8)
  A human (D:8)
  2 hungry ghosts
  2 vampire mosquitoes (D:13)
  5 wargs
  A water moccasin (D:12)
  2 acid dragons (D:12)
  A soldier ant (D:13)
  3 black bears
  2 ice beasts
  A phantom (D:7)
  3 sky beasts
  9 orc warriors
  6 ogres
  4 centaurs
  2 crocodiles (D:12)
  3 big kobolds
  A gnoll sergeant (D:10)
  7 bullfrogs
  2 scorpions
  15 killer bees
  17 wights
  2 howler monkeys
  An electric eel (D:9)
  5 centaur zombies
  3 bullfrog zombies
  5 crimson imps
  A quasit (D:10)
  9 orc priests
  7 hounds
  5 jellies
  4 bullfrog skeletons
  2 centaur skeletons
  3 iguanas
  14 orc wizards
  10 worker ants
  A hound zombie (D:8)
  8 gnolls
  7 adders
  3 shadow imps
  A white imp (D:5)
  An ooze (D:4)
  An adder skeleton (D:6)
  An adder zombie (D:7)
  A worm (D:2)
  3 dart slugs (D:1)
  8 leopard geckos
  66 orcs
  2 ball pythons (D:2)
  6 giant cockroaches
  11 goblins
  9 hobgoblins
  9 jackals
  23 kobolds
  5 quokkas
  A ball python skeleton (D:4)
  5 bats
  5 frilled lizards
  A leopard gecko skeleton (D:5)
  8 rats
  2 plants (D:13)
406 creatures vanquished.

Vanquished Creatures (others)
  2 centaurs
  A kobold (D:11)
  13 plants (D:13)
16 creatures vanquished.

Grand Total: 422 creatures vanquished

Notes
Turn   | Place    | Note
-------+----------+-------------------------------------------
     0 | D:1      | Hylith the Minotaur Fighter began the quest for the Orb.
     0 | D:1      | Reached XP level 1. HP: 19/19 MP: 0/0
   148 | D:1      | Reached XP level 2. HP: 27/27 MP: 1/1
  1044 | D:2      | Reached XP level 3. HP: 33/33 MP: 2/2
  1075 | D:2      | Found a faded altar of an unknown god.
  1090 | D:2      | Reached skill level 3 in Axes
  1236 | D:2      | Found a burning altar of Makhleb.
  1384 | D:2      | Found a sacrificial altar of Ru.
  1388 | D:2      | Reached XP level 4. HP: 40/40 MP: 3/3
  1643 | D:3      | Reached skill level 4 in Axes
  2058 | D:4      | Reached XP level 5. HP: 47/47 MP: 4/4
  2062 | D:4      | Reached skill level 5 in Axes
  2318 | D:4      | Reached XP level 6. HP: 54/55 MP: 5/5
  2319 | D:4      | Reached skill level 5 in Fighting
  2361 | D:4      | Reached skill level 6 in Axes
  2624 | D:4      | Found a staircase to the Ecumenical Temple.
  2638 | Temple   | Entered the Ecumenical Temple
  2948 | D:5      | Entered Level 5 of the Dungeon
  2977 | D:5      | Reached skill level 7 in Axes
  2980 | D:5      | Reached XP level 7. HP: 22/61 MP: 6/6
  3165 | D:5      | Found a glowing silver altar of Zin.
  3171 | D:5      | Found a hide-covered altar of Uskayaw.
  3267 | D:5      | Reached skill level 5 in Armour
  3716 | D:5      | Found an iron altar of Okawaru.
  3736 | D:5      | Became a worshipper of Warmaster Okawaru
  3901 | D:5      | Reached skill level 8 in Axes
  3901 | D:5      | Reached skill level 5 in Shields
  4009 | D:6      | Reached XP level 8. HP: 54/70 MP: 7/7
  4112 | D:6      | Reached skill level 9 in Axes
  4155 | D:6      | Reached * piety under Okawaru
  4667 | D:7      | Found a shadowy altar of Dithmenos.
  4668 | D:7      | Found a snail-covered altar of Cheibriados.
  4670 | D:7      | Found a sparkling altar of Nemelex Xobeh.
  4672 | D:7      | Found an ancient bone altar of Kikubaaqudgha.
  4674 | D:7      | Found a deep blue altar of Sif Muna.
  4675 | D:7      | Found a white marble altar of Elyvilon.
  4684 | D:7      | Reached skill level 10 in Axes
  4706 | D:7      | Reached skill level 1 in Invocations
  4783 | D:7      | Reached ** piety under Okawaru
  4783 | D:7      | Reached skill level 1 in Evocations
  4841 | D:7      | Reached XP level 9. HP: 43/79 MP: 8/8
  4904 | D:7      | Found the +3 pair of gauntlets of War {Slay+5}
  5397 | D:7      | Found a radiant altar of Vehumet.
  5554 | D:7      | Noticed a cyclops
  5554 | D:7      | Noticed a gargoyle
  5554 | D:7      | Noticed a gargoyle
  5554 | D:7      | Noticed a two-headed ogre
  5736 | D:7      | Killed a gargoyle
  5736 | D:7      | Reached skill level 11 in Axes
  5789 | D:7      | Killed a two-headed ogre
  5789 | D:7      | Reached *** piety under Okawaru
  6206 | D:7      | Killed a cyclops
  6206 | D:7      | Reached skill level 12 in Axes
  6810 | D:8      | Reached XP level 10. HP: 73/89 MP: 11/11
  6815 | D:8      | Reached **** piety under Okawaru
  7137 | D:8      | Found a hazy altar of Hepliaklqana.
  7212 | D:8      | Reached skill level 13 in Axes
  7628 | D:9      | Reached ***** piety under Okawaru
  7629 | D:9      | Found a staircase to the Lair.
  7914 | D:9      | Found a sparkling altar of Nemelex Xobeh.
  8210 | D:9      | Received a gift from Okawaru
  8564 | D:10     | Entered Level 10 of the Dungeon
  8579 | D:10     | Noticed Joseph
  8587 | D:10     | Killed Joseph
  8587 | D:10     | Reached skill level 14 in Axes
  8588 | D:10     | Noticed Snorg
  8602 | D:10     | Killed Snorg
  8602 | D:10     | Reached XP level 11. HP: 72/99 MP: 7/13
  8606 | D:10     | Found a staircase to the Orcish Mines.
  8787 | D:10     | Noticed a two-headed ogre
  8799 | D:10     | Killed a two-headed ogre
  8799 | D:10     | Reached skill level 10 in Fighting
  9077 | D:10     | Found Qobb's Weapon Shoppe.
  9096 | D:10     | Found Caunt's Gadget Shop.
  9428 | D:11     | Reached skill level 15 in Axes
  9556 | D:11     | Noticed a seven-headed hydra
  9562 | D:11     | Noticed a satyr
  9562 | D:11     | a seven-headed hydra changed into a satyr
  9572 | D:11     | Killed a satyr
  9572 | D:11     | Reached ****** piety under Okawaru
  9712 | D:11     | Found Kalyo's Assorted Antiques.
  9796 | D:11     | Got a transparent robe
  9810 | D:11     | Found Abluaraz's Food Shop.
  9838 | D:11     | Found Udat's Distillery.
  9901 | D:11     | Found Taocrubb's Gadget Shop.
  9919 | D:11     | Received a gift from Okawaru
 10267 | D:11     | Noticed an unseen horror
 10276 | D:11     | Killed an unseen horror
 10309 | D:11     | Found Quton's General Store.
 10314 | D:11     | Bought a potion of heal wounds for 70 gold pieces
 10442 | D:12     | Reached XP level 12. HP: 103/110 MP: 14/14
 10653 | D:12     | Reached skill level 16 in Axes
 11405 | D:13     | Noticed a centaur warrior
 11413 | D:13     | Received a gift from Okawaru
 11415 | D:13     | Killed a centaur warrior
 11415 | D:13     | Reached skill level 5 in Invocations
 11698 | D:13     | Noticed a centaur warrior
 11970 | D:13     | Noticed a tengu warrior
 11985 | D:13     | Killed a tengu warrior
 12114 | D:13     | Killed a centaur warrior
 12114 | D:13     | Received a gift from Okawaru
 12114 | D:13     | Reached skill level 10 in Armour
 12129 | D:13     | Slain by a skeletal warrior

Skill      XL: |  1  2  3  4  5  6  7  8  9 10 11 12 |
---------------+-------------------------------------+-----
Armour         | 4 5 6 7 8 10 | 10.0
Fighting       | 4 5 6 7 8 9 11 13 | 13.1
Shields        | 4 5 6 7 8 9 |  9.6
Axes           | 3 4 5 7 8 10 12 14 15 16 | 16.1
Invocations    | 1 3 4 5 |  5.9
Evocations     | 1 2 3 |  3.0

Action                   |  1- 3 |  4- 6 |  7- 9 | 10-12 || total
-------------------------+-------+-------+-------+-------++-------
Melee: War axe           |    96 |    97 |   265 |   566 ||  1024
       Headbutt          |    16 |    16 |    49 |   126 ||   207
Invok: Heroism           |       |       |     1 |       ||     1
       Finesse           |       |       |       |     2 ||     2
Evoke: Wand              |       |       |       |     4 ||     4
  Use: Scroll            |       |       |     6 |     9 ||    15
       Potion            |       |       |       |     2 ||     2
 Stab: Paralysed         |       |     1 |       |       ||     1
  Eat: Chunk             |     2 |     4 |    10 |    19 ||    35
       Ration            |       |       |     1 |       ||     1
Armor: Scale mail        |    42 |    39 |       |       ||    81
       Plate armour      |       |       |   114 |   191 ||   305
Dodge: Dodged            |    25 |    37 |    31 |    62 ||   155
Block: Shield            |    41 |    43 |   122 |   321 ||   527
       Reflection        |       |       |       |    27 ||    27
